[Event "*** Titled Tuesday Blitz"]
[Site "Chess.com"]
[Date "2019.05.07"]
[Round "9"]
[White "checkmatequen"]
[Black "HansCoolNiemann"]
[Result "0-1"]
[WhiteElo "2231"]
[BlackElo "2513"]
[TimeControl "180+2"]
[EndTime "15:06:42 PDT"]
[Termination "HansCoolNiemann won by checkmate"]

1. e4 e6 2. d4 d5 3. Nd2 c5 4.
exd5 Qxd5 5. Ngf3 cxd4 6. Bc4 Qd7 7. O-O Nc6 8. Nb3 a6 9. a4 Qc7 10. Qe2 Bd6 11. h3 Nge7 12. Nbxd4 Nxd4 13. Nxd4 O-O 14. b3 Ng6 15. Rd1 b6 16. Qg4 Ne5 17. Qe2 Nxc4 18. bxc4 e5 19. Nf3 Be6 20. Ng5 Bxc4 21. Qg4 f5 22.
Qh5 h6 23. Nf3 e4 24. Nd4 Be5 25. Bb2 Qf7 26. Qxf7+ Rxf7 27. Rab1 Rc8 28. Ba1 Bc7 29. f3 e3 30. Re1 f4 31. g3 b5 32. gxf4 Bxf4 33. axb5 axb5 34. Ne2 Bg5 35. Kg2 Bh4 36. Ng3 Rd8 37. Rxe3 Rd2+ 38. Ne2 Bxe2 39. Bc3 Bxf3+ 40.
Kf1 Rh2 41. Kg1 Rh1# 0-1

[Event "*** Titled Tuesday Blitz"]
[Site "Chess.com"]
[Date "2019.05.07"]
[Round "9"]
[White "ChessQueen"]
[Black "TastyFrenchFries"]
[Result "1-0"]
[WhiteElo "2645"]
[BlackElo "2464"]
[TimeControl "180+2"]
[EndTime "15:06:45 PDT"]
[Termination "ChessQueen won by resignation"]

1. e4 e6 2. d4 d5 3. exd5 exd5 4. Bd3 Bd6 5. c4 dxc4 6. Bxc4 Qe7+ 7. Ne2 Be6 8. Bxe6 Qxe6 9. O-O Nf6 10. Nbc3 O-O 11. d5 Qe7 12. Nd4 Nbd7 13. Re1 Qd8 14. Bg5 a6 15. Qf3 Re8 16. Nf5 Bf8 17. Qg3 Kh8 18.
Qh4 Rxe1+ 19. Rxe1 a5 20. h3 Ra6 21. Ne4 Be7 22. Nxe7 Qxe7 23. f4 Qf8 24. Nc3 h6 25. f5 Kg8 26. Be3 Qb4 27. Qg3 Qd6 28. Qxd6 Rxd6 29.
Bf4 Rb6 30. b3 c6 31. d6 Rb4 32. Bh2 Rd4 33. Kf2 Rd2+ 34. Re2 Rd3 35. Nb1 Kf8 36. Nd2 Nd5 37. Nc4 Nb4 38. Nxa5 Rd5 39. Nxb7 Rxf5+ 40. Kg1 Re5 41. Bxe5 Nxe5 42. Rxe5 1-0

[Event "*** Titled Tuesday Blitz"]
[Site "Chess.com"]
[Date "2019.05.07"]
[Round "9"]
[White "RzayevB"]
[Black "jacky72"]
[Result "1-0"]
[WhiteElo "2714"]
[BlackElo "2634"]
[TimeControl "180+2"]
[EndTime "15:06:48 PDT"]
[Termination "RzayevB won by resignation"]

1. e4 e5 2. Nf3 Nc6 3. d4 exd4 4.
Nxd4 Nf6 5. Nxc6 bxc6 6. e5 Qe7 7. Qe2 Nd5 8. c4 Nb6 9. b3 Qe6 10. Bb2 a5 11. g3 a4 12. Bg2 Bb4+ 13. Nd2 a3 14.
Bd4 O-O 15. O-O Ba6 16. Ne4 Qe7 17. Qh5 h6 18. Nf6+ Kh8 19. Be4 Bc5 20. Qf5 g6 21.
Qf4 Kg7 22. Ng4 Rh8 23. Qf6+ Kg8 24. Bxg6 fxg6 25. Qxg6+ Kf8 26. Qf5+ Ke8 27. Nf6+ Kd8 28. Bxc5 Qxc5 29. Rad1 Kc8 30. Nxd7 Nxd7 31. Rxd7 Kb7 32. Qf7 Qxe5 33. Re7 Qa5 34. b4 Qxb4 35. Rxc7+ Kb6 36. Qd7 Qxc4 37. Rb1+ Bb5 38. Rb7+ Ka6 39. Qc7 Qd4 40. R1xb5 Qd1+ 41. Kg2 Qd5+ 42. Rxd5 1-0

[Event "*** Titled Tuesday Blitz"]
[Site "Chess.com"]
[Date "2019.05.07"]
[Round "9"]
[White "mouseWLZ"]
[Black "ChessWeebs"]
[Result "1-0"]
[WhiteElo "2635"]
[BlackElo "2737"]
[TimeControl "180+2"]
[EndTime "15:06:51 PDT"]
[Termination "mouseWLZ won by resignation"]

1. d4 Nf6 2. Bf4 g6 3. Nc3 d6 4. e4 Bg7 5. Qd2 Nc6 6. O-O-O h6 7. f3 Nd7 8. Nge2 e5 9. Be3 exd4 10. Nxd4 Nxd4 11.
Bxd4 O-O 12. Bxg7 Kxg7 13. h4 Ne5 14. Be2 h5 15. g4 hxg4 16. f4 Nc6 17. h5 Rh8 18. hxg6 fxg6 19. Nd5 Be6 20. Qc3+ Kf7 21. Bc4 Rh3 22. Rxh3 gxh3 23. f5 Qg5+ 24. Kb1 gxf5 25.
exf5 Qxf5 26. Rf1 Qxf1+ 27. Bxf1 Bxd5 28. Qxh3 Rg8 29. Qh5+ Ke6 30. b3 Ne7 31. Bh3+ Kf6 32. Qh4+ Kf7 33. Qf4+ Ke8 34. Qa4+ Nc6 35. Qb5 Bg2 36.
Bxg2 Rxg2 37. Qxb7 Kd7 38. Qb5 a5 39. Qf5+ Kd8 40.
a3 Ne5 41. Qf1 Rg4 42. Qb5 a4 43. bxa4 Nc4 44. Ka2 Ne3 45. Qb3 Nd1 46. a5 Rg5 47. a6 Ra5 48. a7 1-0

[Event "*** Titled Tuesday Blitz"]
[Site "Chess.com"]
[Date "2019.05.07"]
[Round "9"]
[White "Roenko_Artur"]
[Black "Babas"]
[Result "1-0"]
[WhiteElo "2223"]
[BlackElo "2394"]
[TimeControl "180+2"]
[EndTime "15:06:57 PDT"]
[Termination "Roenko_Artur won by checkmate"]

1. e4 e5 2. Nf3 Nf6 3. Nxe5 d6 4. Nf3 Nxe4 5. Nc3 Nxc3 6. dxc3 Be7 7. Bd3 Nd7 8. Be3 Nf6 9. Qd2 O-O 10. O-O-O c5 11. Ng5 Qa5 12. Kb1 b5 13. Ne4 Rb8 14. Bf4 b4 15. cxb4 cxb4 16. Nxf6+ Bxf6 17. Bxd6 Be6 18. b3 Rfd8 19. Bxb8 Rxb8 20. Rhe1 Bc3 21. Qf4 Rb6 22. Qe4 g6 23. Qf4 Kg7 24. h4 Qc5 25. g4 h5 26.
gxh5 Qxh5 27. Rg1 Rd6 28. Qxd6 Qa5 29. Qf4 Be5 30. Qe3 Qc7 31. Be4 Bf6 32. h5 Qe5 33. c3 bxc3 34. Kc2 Qa5 35. a4 Qb4 36. Bd5 Bf5+ 37.
Rd3 Qa3 38. h6+ Kh8 39. Qe8+ Qf8 40. Qxf8+ Kh7 41. Qxf7+ Kh8 42. Qg8# 1-0

[Event "*** Titled Tuesday Blitz"]
[Site "Chess.com"]
[Date "2019.05.07"]
[Round "9"]
[White "Sebastian"]
[Black "hansen"]
[Result "1-0"]
[WhiteElo "2916"]
[BlackElo "2773"]
[TimeControl "180+2"]
[EndTime "15:06:58 PDT"]
[Termination "Sebastian won by checkmate"]

1. e4 c5 2. Nf3 e6 3. d4 cxd4 4. Nxd4 Nc6 5. Nc3 a6 6. Be3 Qc7 7. Qd2 Nf6 8. O-O-O Be7 9. f3 Nxd4 10. Bxd4 b5 11. e5 b4 12. exf6 bxc3 13. Bxc3 Bxf6 14. Bxf6 gxf6 15. Kb1 Rb8 16. Bd3 d5 17. Rhe1 h5 18. f4 Kf8 19. b3 a5 20. Qf2 Rb4 21. Rf1 a4 22. Qd2 Qc5 23. Rf3 Rb6 24. Be2 Bd7 25.
Rh3 h4 26. Rc3 Qb4 27. Qe3 Rg8 28. g3 hxg3 29. hxg3 Rc6 30. Rxc6 Bxc6 31. g4 Ke7 32. g5 fxg5 33. fxg5 axb3 34. axb3 d4 35. Rxd4 Qa5 36.
Rc4 Bd5 37. Ra4 Qe1+ 38. Kb2 Rc8 39. Ra7+ Kf8 40. Qd4 Bxb3 41. Qh8# 1-0

[Event "*** Titled Tuesday Blitz"]
[Site "Chess.com"]
[Date "2019.05.07"]
[Round "9"]
[White "Saitama_Hero"]
[Black "gemarin"]
[Result "1-0"]
[WhiteElo "2251"]
[BlackElo "2092"]
[TimeControl "180+2"]
[EndTime "15:06:58 PDT"]
[Termination "Saitama_Hero won on time"]

1. d4 d5 2. c4 c6 3. cxd5 cxd5 4.
Nc3 Nc6 5. e4 dxe4 6. d5 Ne5 7.
Qa4+ Bd7 8. Qxe4 Ng6 9. h4 Nf6 10. Qe2 a6 11. h5 Bg4 12. f3 Bxh5 13. g4 Nf4 14. Bxf4 Bg6 15. Rd1 Qb6 16. Nh3 Rd8 17.
Ng5 Qa5 18. Kf2 Nxd5 19. Nxd5 Rxd5 20. Rxd5 Qxd5 21. Bg2 Qxa2 22. Rc1 e6 23. Rc8+ Kd7 24.
Rc7+ Ke8 25. Qd2 Qd5 26. Qxd5 exd5 27. Rxb7 f6 28. Ne6 Bd3 29. Bf1 Bxf1 30. Kxf1 g5 31. Be3 h5 32. gxh5 Rxh5 33. Rb8+ Kf7 34. Nxf8 f5 35.
Nd7 g4 36. f4 Rh1+ 37. Kg2 Re1 38. Ne5+ Ke6 39. Re8+ Kd6 40. Bc5+ Kc7 41. Re7+ Kc8 42. Bd6 1-0

[Event "*** Titled Tuesday Blitz"]
[Site "Chess.com"]
[Date "2019.05.07"]
[Round "9"]
[White "TregubovP"]
[Black "Gubajdullin"]
[Result "1-0"]
[WhiteElo "2557"]
[BlackElo "2543"]
[TimeControl "180+2"]
[EndTime "15:06:59 PDT"]
[Termination "TregubovP won on time"]

1. d4 Nf6 2. c4 g6 3. g3 Bg7 4.
Bg2 O-O 5. Nc3 d6 6. Nf3 Bf5 7. O-O Qc8 8. Re1 Bh3 9. e4 Bxg2 10. Kxg2 c5 11. e5 dxe5 12. dxe5 Nfd7 13. Bf4 Nb6 14.
b3 Rd8 15. Qe2 Nc6 16. Rad1 Nd4 17. Qe4 Qc6 18. Nxd4 cxd4 19. Nb5 d3 20. Kg1 Rd7 21. Re3 f5 22. Qxc6 bxc6 23. Nc3 Rad8 24. h4 h6 25. Rd2 e6 26. Nd1 Bf8 27. Nb2 Ba3 28.
Rexd3 Bxb2 29. Rxd7 Rxd7 30. Rxb2 Rd1+ 31. Kg2 Nd7 32. Bxh6 Nxe5 33. Re2 Ng4 34. Bg5 Kf7 35. Rd2 Rxd2 36. Bxd2 e5 37. f3 Nf6 38. Kf2 a6 39.
Bg5 Nd7 40. g4 Ke6 41. h5 gxh5 42. gxh5 Kf7 43. Ke3 Nc5 44. f4 e4 45. b4 1-0

[Event "*** Titled Tuesday Blitz"]
[Site "Chess.com"]
[Date "2019.05.07"]
[Round "9"]
[White "dopolian"]
[Black "VeraNebolsina"]
[Result "0-1"]
[WhiteElo "2256"]
[BlackElo "2374"]
[TimeControl "180+2"]
[EndTime "15:07:01 PDT"]
[Termination "VeraNebolsina won by resignation"]

1. e4 g6 2. d4 Bg7 3. Nc3 d6 4. f4 Nf6 5. Nf3 c5 6. dxc5 Qa5 7. Bd3 Qxc5 8. Qe2 Bg4 9. Be3 Qa5 10. O-O Nc6 11. h3 Bxf3 12. Qxf3 O-O 13. a3 Rac8 14. b4 Qd8 15. Rab1 Nd7 16. Ne2 a5 17. c4 axb4 18. axb4 Ra8 19. b5 Nce5 20. fxe5 Nxe5 21. Qg3 Nxd3 22. Rfd1 Ra3 23. Kh1 Ne5 24. Rbc1 f5 25.
exf5 gxf5 26. Qf2 Nd3 27. Rxd3 Rxd3 28. Nf4 Ra3 29. Ne6 Qc8 30. Nxf8 Qxf8 31. Rf1 e6 32. Bd4 Qc8 33. Bxg7 Qxc4 34. Qb2 Ra2 35. Rc1 Rxb2 36.
Rxc4 Kxg7 37. Rc7+ Kg6 38. Rxb7 d5 39. b6 d4 40. Rd7 e5 41. Kg1 Rxb6 42. g4 fxg4 43.
hxg4 Rb2 44. Rd5 Kf6 45. Rd6+ Kg5 46. Re6 Kf4 47. g5 e4 48. g6 hxg6 49. Rxg6 d3 50. Kf1 e3 51. Rf6+ Ke5 52. Rf8 Rb1+ 53. Kg2 d2 54. Re8+ Kd6 0-1

[Event "*** Titled Tuesday Blitz"]
[Site "Chess.com"]
[Date "2019.05.07"]
[Round "9"]
[White "VFernandezB"]
[Black "northridgehawk"]
[Result "1-0"]
[WhiteElo "2362"]
[BlackElo "2259"]
[TimeControl "180+2"]
[EndTime "15:07:14 PDT"]
[Termination "VFernandezB won by resignation"]

1. d4 f5 2. Nc3 Nf6 3. Bg5 d5 4. e3 e6 5. Nf3 Be7 6. Bd3 O-O 7. Ne2 Nbd7 8. O-O c6 9. c4 h6 10. Bf4 g5 11. Be5 Qe8 12. g3 Qg6 13. Rb1 a5 14. a3 Ne4 15. b4 axb4 16. axb4 Ra2 17. b5 Rxe2 18. Qxe2 Nc3 19. Qc2 Nxb1 20. Rxb1 g4 21. Nh4 Bxh4 22. gxh4 Nxe5 23. dxe5 Qh5 24. bxc6 bxc6 25.
cxd5 cxd5 26. Rb8 Bd7 27. Rxf8+ Kxf8 28. Qc5+ Ke8 29. Qd6 Qxh4 30. Qb8+ Qd8 31. Qd6 Qa8 32. Bxf5 exf5 33. Qg6+ Kd8 34. e6 Qa1+ 35. Kg2 Be8 36. Qxf5 Qd1 37. Qf6+ Kc8 38. Qf8 Qf3+ 39. Qxf3 gxf3+ 40.
Kxf3 Kc7 41. Kf4 Kd6 42. Kf5 Ke7 43. Ke5 Ba4 44. f4 Bc2 45. f5 Be4 46. f6+ Ke8 47. Kd6 Bf5 48. f7+ Kf8 49. Ke5 Bg4 50. Kf6 Bxe6 51.
Kxe6 d4 52. exd4 1-0

[Event "*** Titled Tuesday Blitz"]
[Site "Chess.com"]
[Date "2019.05.07"]
[Round "9"]
[White "Taron_Shagbazyan"]
[Black "Vice64"]
[Result "0-1"]
[WhiteElo "2721"]
[BlackElo "2561"]
[TimeControl "180+2"]
[EndTime "15:07:16 PDT"]
[Termination "Vice64 won by resignation"]

1. d4 Nf6 2. c4 e6 3. Nc3 Bb4 4. e3 O-O 5. Bd3 d5 6. Nf3 c5 7.
O-O cxd4 8. exd4 dxc4 9. Bxc4 b6 10. Bg5 Bb7 11. Qe2 Bxc3 12. bxc3 Nc6 13. Bd3 h6 14. Bh4 Rc8 15. Rac1 Ne7 16. Bxf6 gxf6 17. Nd2 f5 18. Qh5 Kg7 19. Rfe1 Ng6 20. Bf1 Qd5 21.
Re3 Qxa2 22. Nf3 Qb2 23. Rce1 Rxc3 24. Ne5 Rxe3 25. Rxe3 Qxd4 26. Nxg6 fxg6 27. Qe2 Bd5 28. Rg3 Qf6 29. Qa6 Rf7 30. h3 f4 31. Ra3 f3 32. g3 Qe5 33. Qc8 h5 34. Re3 Qf6 35. Qb8 h4 36. g4 Qa1 37. Qc8 b5 38. Rc3 Bc4 39. Rxc4 bxc4 40. Qxc4 Qe5 41. Qa4 a5 42. Qe8 Qd5 43. Qb8 Qd4 44. Qb5 a4 45. Qa5 e5 46. Qa6 e4 47. Bc4 Rc7 48. Bf1 e3 49. fxe3 Qxe3+ 50. Kh1 a3 51. Qd6 Re7 52. Qd5 f2 53. g5 Qe4+ 54. Qxe4 0-1

[Event "*** Titled Tuesday Blitz"]
[Site "Chess.com"]
[Date "2019.05.07"]
[Round "9"]
[White "slowdumbb"]
[Black "GameOverBro"]
[Result "1/2-1/2"]
[WhiteElo "2396"]
[BlackElo "2418"]
[TimeControl "180+2"]
[EndTime "15:07:20 PDT"]
[Termination "Game drawn by repetition"]

1. e4 d6 2. d4 Nf6 3. Bd3 e5 4. Nf3 Nc6 5. c3 g6 6. O-O Bg7 7. Na3 O-O 8. Be3 h6 9. dxe5 Nxe5 10. Nxe5 dxe5 11. Bc5 Re8 12. f3 Be6 13. Bc2 b6 14.
Be3 Qe7 15. Qe2 Nh5 16. Bb3 Bxb3 17. axb3 a5 18. Nc4 Qe6 19. Rfd1 Bf8 20. Rd2 Nf4 21. Bxf4 exf4 22. Kh1 Rad8 23. Rxd8 Rxd8 24. Rd1 Rd7 25. Rd3 Bc5 26. Qd1 Rxd3 27. Qxd3 Kg7 28. h3 Qf6 29. Qd5 Qh4 30. Qd2 h5 31. b4 axb4 32. cxb4 Bf2 33. Qc3+ Kg8 34. Ne5 Qd8 35. Qb3 Qe7 36. Qd5 Kg7 37. Nd3 Bg3 38. Qd4+ Kg8 39. Kg1 Qe8 40. b3 Qb5 41. Qc4 Qd7 42. Kf1 c6 43. Ke2 b5 44.
Qc5 Qe6 45. Qc3 Kh7 46. Nc5 Qe7 47. Qd4 Qa7 48. Qb2 Bh4 49. Kd3 Be7 50. Qe5 Bf8 51. Qxf4 Kg8 52. Qe5 Qa2 53. Nd7 Qb1+ 54. Ke2 Bxb4 55.
Nf6+ Kf8 56. Nh7+ Kg8 57. Nf6+ Kf8 58. Nd7+ Kg8 59. Nf6+ 1/2-1/2

[Event "*** Titled Tuesday Blitz"]
[Site "Chess.com"]
[Date "2019.05.07"]
[Round "9"]
[White "M1711"]
[Black "Ambitiousresolutions"]
[Result "0-1"]
[WhiteElo "2468"]
[BlackElo "2692"]
[TimeControl "180+2"]
[EndTime "15:07:21 PDT"]
[Termination "Ambitiousresolutions won by resignation"]

1. e4 e5 2. Nf3 Nc6 3. Bc4 Bc5 4. c3 Nf6 5. d3 a6 6. O-O d6 7. Bb3 h6 8. Nbd2 Ba7 9. Re1 O-O 10. h3 Re8 11. Nf1 Be6 12. Bc2 d5 13. exd5 Nxd5 14. Ng3 Qd6 15. Nh4 Qe7 16. Nhf5 Qf6 17. Qf3 Kh8 18. Bd2 g6 19. Nxh6 Qxf3 20. gxf3 f5 21. h4 Kg7 22. Bg5 Rh8 23. f4 Nxf4 24. d4 Rxh6 25.
Bxh6+ Kxh6 26. Rad1 Rd8 27. Kh2 e4 28. Nxe4 fxe4 29. Rxe4 Rf8 30. Rde1 Bd5 31. R4e3 Ng2 32. Rg1 Nxe3 33. Rxg6+ Kh5 34. fxe3 Rf2+ 35. Kh3 Rxc2 36. Rg5+ Kh6 37. Rxd5 Rxb2 38. Rd7 Bb6 39. Kg4 Rg2+ 40. Kf3 Rxa2 41. c4 Ra3 42. c5 Nxd4+ 43. Ke4 Bxc5 44.
exd4 Bd6 45. Rd8 a5 46. Ra8 a4 47. Kf5 Rf3+ 48. Ke4 Rf4+ 49. Kd5 a3 0-1

[Event "*** Titled Tuesday Blitz"]
[Site "Chess.com"]
[Date "2019.05.07"]
[Round "9"]
[White "rasmussvane"]
[Black "Chessialist"]
[Result "1-0"]
[WhiteElo "2796"]
[BlackElo "2575"]
[TimeControl "180+2"]
[EndTime "15:07:24 PDT"]
[Termination "rasmussvane won by checkmate"]

1. Nf3 Nf6 2. g3 b5 3. Na3 a6 4. c4 b4 5. Nc2 e6 6. Bg2 Bb7 7. O-O a5 8. d4 d6 9. a3 Na6 10. axb4 Nxb4 11. Bd2 c5 12. d5 e5 13. Ne3 g6 14. Bh3 Bg7 15. Qa4+ Kf8 16. Qd1 h6 17. Be1 Kg8 18. Nd2 Kh7 19. Qb1 Qe7 20. Ng2 Rhe8 21.
Ra3 Kg8 22. e4 Nd7 23. Qd1 Nb6 24. Bg4 Bc8 25. Bxc8 Rexc8 26. Ne3 h5 27. Rc3 Bh6 28. Ng2 Bxd2 29. Bxd2 a4 30. Qe2 Ra7 31. Ra1 Rca8 32.
Bc1 Ra5 33. h4 R8a6 34. Raa3 Ra8 35. g4 hxg4 36. Qxg4 Qd7 37. Qg3 Kh7 38. f4 exf4 39. Bxf4 Qe7 40. Bxd6 Qxe4 41. Rf3 R8a7 42. Rae3 Qxc4 43.
h5 Qxd5 44. hxg6+ fxg6 45. Re8 Qd1+ 46. Rf1 Qd4+ 47. Kh1 c4 48. Nf4 Qxd6 49. Qh4+ Rh5 50.
Nxh5 Qd5+ 51. Kg1 Qxh5 52. Re7+ Rxe7 53. Qxe7+ Kh6 54. Qf8+ Kg5 55. Qf4# 1-0

[Event "*** Titled Tuesday Blitz"]
[Site "Chess.com"]
[Date "2019.05.07"]
[Round "9"]
[White "Msb2"]
[Black "Cryptochess"]
[Result "1-0"]
[WhiteElo "2966"]
[BlackElo "2597"]
[TimeControl "180+2"]
[EndTime "15:07:25 PDT"]
[Termination "Msb2 won by checkmate"]

1. d4 Nf6 2. c4 e6 3. Nc3 Bb4 4.
e3 b6 5. Bd2 O-O 6. Nf3 Bb7 7.
Bd3 Re8 8. O-O Nc6 9. a3 Bf8 10. e4 e5 11. d5 Nd4 12. b4 a5 13. Rb1 axb4 14. axb4 Ra3 15. Bc2 Ba6 16. Bd3 c6 17. Qc1 Rb3 18. Nxd4 Rxb1 19. Qxb1 exd4 20. Ne2 c5 21. b5 Bc8 22. f4 d6 23. Qc2 g6 24.
Re1 Bh6 25. Ng3 Ng4 26. Nf1 Qh4 27. g3 Qe7 28. h3 Nf6 29. e5 Nh5 30. exd6 Qd8 31.
Rxe8+ Qxe8 32. Kg2 Qd7 33. g4 Nxf4+ 34. Bxf4 Bxf4 35.
Nd2 Bxd6 36. Ne4 Be5 37. Qf2 Kg7 38. Qh4 h6 39. g5 hxg5 40. Nxg5 Bf6 41. Qh7+ Kf8 42.
Nf3 Qe7 43. Qh6+ Bg7 44. Qf4 Qe3 45. Qb8 Qxd3 46. Qxc8+ Ke7 47. Qc7+ Kf8 48. Qd8# 1-0

[Event "*** Titled Tuesday Blitz"]
[Site "Chess.com"]
[Date "2019.05.07"]
[Round "9"]
[White "champ2005"]
[Black "AryanTari"]
[Result "1/2-1/2"]
[WhiteElo "2898"]
[BlackElo "2874"]
[TimeControl "180+2"]
[EndTime "15:07:30 PDT"]
[Termination "Game drawn by agreement"]

1. d4 d5 2. Bf4 c5 3. e3 cxd4 4. exd4 Nc6 5. c3 Bf5 6. Nf3 e6 7. Bd3 Nge7 8. O-O Ng6 9. Bg3 Bxd3 10. Qxd3 Bd6 11. Nbd2 O-O 12. a4 a5 13. Qb5 Qc7 14. Nb3 Bxg3 15. hxg3 Ra6 16. Nc5 Rb6 17. Qe2 Nb8 18. Ne1 e5 19. Rb1 Nc6 20. dxe5 Ncxe5 21.
Ned3 Nc4 22. b3 Nd6 23. Rbc1 Rc6 24. b4 b6 25. Nb3 Rxc3 26. Qd2 Rc8 27. Nd4 axb4 28.
Rb1 Ne4 29. Qd1 Qc4 30. Nxb4 Ne5 31. Nbc2 Rd3 32. Qh5 f6 33. Qf5 Re8 34. Rxb6 Rxd4 35. Nxd4 Qxd4 36. Re6 Rf8 37. Qf4 Qxa4 38. Rc1 Qd7 39.
Ra6 Nd3 40. Rc7 Qb5 41. Qg4 Qb1+ 42. Kh2 Qh1+ 43. Kxh1 Ndxf2+ 44. Kg1 Nxg4 45. Raa7 Rb8 46. Rxg7+ Kf8 47. Raf7+ Ke8 48. Re7+ Kd8 49. Rd7+ Kc8 50. Rc7+ Kd8 51. Rcd7+ Ke8 52. Rde7+ Kf8 53. Ref7+ Ke8 54. Re7+ Kd8 1/2-1/2

[Event "*** Titled Tuesday Blitz"]
[Site "Chess.com"]
[Date "2019.05.07"]
[Round "9"]
[White "FedaMaster"]
[Black "ruvat"]
[Result "1-0"]
[WhiteElo "2336"]
[BlackElo "2340"]
[TimeControl "180+2"]
[EndTime "15:07:30 PDT"]
[Termination "FedaMaster won by resignation"]

1. e4 d6 2. d4 Nf6 3. Nc3 g6 4.
f4 Bg7 5. Nf3 O-O 6. e5 dxe5 7.
fxe5 Nd5 8. Bc4 Be6 9. Nxd5 Bxd5 10. Bxd5 Qxd5 11. Be3 c5 12. dxc5 Qc6 13. Qe2 Nd7 14. O-O-O Nxc5 15. Qc4 Rac8 16. Bxc5 Qxc5 17. Qxc5 Rxc5 18.
Rd7 Rfc8 19. c3 b5 20. Rxe7 b4 21. Kc2 bxc3 22. b3 a5 23. Rd1 R5c7 24. Rxc7 Rxc7 25. Rd8+ Bf8 26. Ra8 Rc5 27. e6 fxe6 28. Nd4 Re5 29.
Kxc3 Kf7 30. Kd3 Bc5 31. Nf3 Rd5+ 32. Ke4 Bb6 33. Rb8 Bc7 34. Rb7 Rc5 35. Nd4 Kf6 36.
Rb5 Rxb5 37. Nxb5 Bxh2 38. Kd4 h5 39. a3 h4 40. Ke4 g5 41. Kf3 Bg1 42. Nd6 Bc5 43.
Ne4+ Kf5 44. Nxc5 g4+ 45. Kf2 e5 46. Nb7 e4 47. Nxa5 h3 48. gxh3 gxh3 49. Nc4 Kf4 50. Kg1 Kf3 51. Kh2 Ke2 52. Kxh3 Kd3 53. a4 1-0

[Event "*** Titled Tuesday Blitz"]
[Site "Chess.com"]
[Date "2019.05.07"]
[Round "9"]
[White "volcanoexplorer"]
[Black "riconaipe"]
[Result "1-0"]
[WhiteElo "2599"]
[BlackElo "2437"]
[TimeControl "180+2"]
[EndTime "15:07:36 PDT"]
[Termination "volcanoexplorer won by resignation"]

1. e4 c6 2. d4 d5 3. exd5 cxd5 4. Bd3 Nc6 5. c3 Qc7 6. h3 Nf6 7. Nf3 e5 8. dxe5 Nxe5 9. Qe2 Bd6 10. Nxe5 O-O 11.
Nf3 Re8 12. Be3 a5 13. Nbd2 Ne4 14. Bxe4 dxe4 15. Nd4 f5 16. Qc4+ Kh8 17. Nb5 Qxc4 18. Nxc4 Bb8 19. O-O-O f4 20. Bd4 Be6 21. Ncd6 Rf8 22.
Nxe4 Bxa2 23. Rhe1 a4 24. Nc5 f3 25. g3 Bb3 26. Ne6 Bxd1 27. Nxf8 Be2 28. Na3 Bxg3 29. Ng6+ hxg6 30. fxg3 Rd8 31. Nc2 Rxd4 32. cxd4 f2 33. Kd2 f1=Q 34. Rxf1 Bxf1 35. h4 Kh7 36. Ne3 Bb5 37.
Kc3 g5 38. h5 g6 39. hxg6+ Kxg6 40. Kb4 Be8 41. Kc5 b5 42. d5 Kf6 43. d6 Ke6 44.
Nd5 Kf5 45. Kd4 Bd7 46. Nb6 Ke6 47. Nxd7 Kxd7 48. Kc5 g4 49. Kxb5 Kxd6 50. Kxa4 Kc5 51. Ka5 Kc6 52. b4 Kb7 53. Kb5 Kc7 54. Ka6 Kb8 55. Kb6 Ka8 56. Kc6 Ka7 57. Kd5 Kb6 58. Ke4 Kb5 59. Kf4 Kxb4 60. Kxg4 Kc5 61. Kf5 Kd6 62. Kf6 Kd7 63. Kf7 Kd6 64. g4 Ke5 65. g5 Kf5 66. g6 1-0

[Event "*** Titled Tuesday Blitz"]
[Site "Chess.com"]
[Date "2019.05.07"]
[Round "9"]
[White "Vusatiuk_Vladimir"]
[Black "TristanCalistri"]
[Result "1-0"]
[WhiteElo "2208"]
[BlackElo "2183"]
[TimeControl "180+2"]
[EndTime "15:07:40 PDT"]
[Termination "Vusatiuk_Vladimir won by resignation"]

1. e4 e5 2. Nf3 d6 3. Nc3 Nf6 4. d4 exd4 5. Nxd4 Be7 6. Bc4 O-O 7. f3 Re8 8. Be3 Bf8 9. Qd2 Nbd7 10. O-O-O c6 11. Bb3 Nc5 12. g4 d5 13. exd5 Nxb3+ 14. Nxb3 Nxd5 15. Nxd5 cxd5 16. Bg5 Qb6 17. Qxd5 a5 18.
Qd4 Qg6 19. Bd2 a4 20. Nc5 a3 21. b3 b6 22. Ne4 Bb7 23. Rhe1 Rad8 24. Qa4 Bxe4 25. Rxe4 Qf6 26. c3 Ra8 27. Qxe8 Rxe8 28. Rxe8 Qxf3 29. Be1 Qg2 30. Rd2 Qg1 31. Rdd8 h6 32.
Rxf8+ Kh7 33. Rfe8 Qxg4 34. c4 Qg2 35. Rd2 Qg5 36. Kc2 Qf6 37. Ree2 Qb2+ 38. Kd3 Qf6 39. Bg3 h5 40. Rf2 Qg6+ 41. Kc3 f6 42. Kb4 Qf7 43.
Kxa3 Qa7+ 44. Kb2 Qa5 45. Rd5 Qe1 46. Rxh5+ Kg6 47. Rxf6+ 1-0

[Event "*** Titled Tuesday Blitz"]
[Site "Chess.com"]
[Date "2019.05.07"]
[Round "9"]
[White "blitzking1729"]
[Black "chessking2151"]
[Result "0-1"]
[WhiteElo "2490"]
[BlackElo "2603"]
[TimeControl "180+2"]
[EndTime "15:07:45 PDT"]
[Termination "chessking2151 won by checkmate"]

1. g3 d5 2. Bg2 Nf6 3. Nf3 c6 4. O-O Bg4 5. h3 Bh5 6. d4 e6 7. b3 Bd6 8. Bb2 O-O 9. Nbd2 Nbd7 10. c4 Qe7 11. Ne5 Rad8 12. Re1 Rfe8 13. Qc2 Bb8 14. e4 dxe4 15. Nxe4 Nxe4 16. Bxe4 Nf6 17. Bg2 Bg6 18. Nxg6 hxg6 19. Rad1 Qb4 20. Bc3 Qb6 21. Qd2 Qc7 22. Qc2 a6 23. c5 Nd5 24. Bb2 Qe7 25. a3 Rd7 26. b4 Bc7 27. Qb3 Bd8 28. a4 Qf8 29. b5 axb5 30. axb5 Bf6 31. Ra1 Rb8 32. Ra7 Qc8 33. Rea1 Nc7 34. bxc6 bxc6 35. Qc2 Nb5 36.
Rxd7 Qxd7 37. Ra6 Nxd4 38. Bxd4 Qxd4 39. Rxc6 Rb2 40. Rc8+ Kh7 41. Qe4 Qxf2+ 42. Kh2 Re2 43. Qa8 g5 44. Rh8+ Kg6 45. h4 gxh4 46. Rxh4 Bxh4 47. gxh4 Qxh4+ 48. Kg1 Qd4+ 49. Kf1 Qf2# 0-1

[Event "*** Titled Tuesday Blitz"]
[Site "Chess.com"]
[Date "2019.05.07"]
[Round "9"]
[White "Thjop"]
[Black "Arystanner"]
[Result "0-1"]
[WhiteElo "2568"]
[BlackElo "2762"]
[TimeControl "180+2"]
[EndTime "15:07:47 PDT"]
[Termination "Arystanner won by resignation"]

1. e4 e5 2. Nf3 Nc6 3. Bb5 a6 4. Ba4 Nf6 5. O-O Be7 6. d3 b5 7. Bb3 O-O 8. Nc3 d6 9. a3 Bg4 10. Be3 Nd4 11. Bxd4 exd4 12. Nd5 Nd7 13. h3 Bxf3 14.
Qxf3 c6 15. Nf4 a5 16. a4 bxa4 17. Bxa4 Rb8 18. Ra2 Rb6 19. Bb3 Nc5 20. Bc4 a4 21. Ne2 Bf6 22. c3 dxc3 23. bxc3 Re8 24. Rc1 Qb8 25. g3 Rb1 26. Rxb1 Qxb1+ 27. Kg2 Nb3 28. Rxa4 Nd2 29. Qe3 Qf1+ 30. Kh2 Qd1 31. Qa7 Nxc4 32. Rxc4 Qxe2 33. Rxc6 Qxd3 34. Qd7 Rf8 35. Qxd6 Qxe4 36. Rc7 Be5 37. Re7 Bxd6 38. Rxe4 g6 39. Kg2 Rc8 40. c4 f5 41. Rd4 Bc5 42.
Rd2 Kf7 43. h4 Ke6 44. Re2+ Kd7 45. Rd2+ Bd6 46. Rc2 Re8 47. h5 Kc6 48. hxg6 hxg6 49. Ra2 Kc5 50. Ra6 Re6 51. f4 Kxc4 52. Kf3 Kb5 53. Ra8 Bc5 54. Rg8 Kc4 55. g4 Kd3 56.
gxf5 gxf5 57. Rf8 Bxf8 0-1

[Event "*** Titled Tuesday Blitz"]
[Site "Chess.com"]
[Date "2019.05.07"]
[Round "9"]
[White "Satscho"]
[Black "SwamiChaturanga"]
[Result "0-1"]
[WhiteElo "2277"]
[BlackElo "2099"]
[TimeControl "180+2"]
[EndTime "15:07:53 PDT"]
[Termination "SwamiChaturanga won by resignation"]

1. e4 b6 2. d4 Bb7 3. Bd3 g6 4. Nf3 Bg7 5. O-O d6 6. Re1 e6 7. Bg5 Qd7 8. Qd2 h6 9. Bh4 Ne7 10.
Nc3 g5 11. Bg3 g4 12. Nh4 Bxd4 13. Bb5 Nbc6 14. e5 dxe5 15. Ne4 O-O-O 16. Nf6 Qd6 17. c3 Bc5 18. Qe2 Nf5 19. b4 Qe7 20.
Nxf5 Qxf6 21. Bh4 Qxf5 22. Bxd8 Bxb4 23. cxb4 Nd4 24. Qxe5 Rxd8 25. Qxf5 exf5 26. Ba4 Be4 27. Rac1 Kb7 28. Bb3 Rd7 29. Bd1 a5 30. a3 axb4 31.
axb4 h5 32. Re3 h4 33. Rec3 h3 34. f3 gxf3 35. gxf3 Bd5 36. Kf2 f4 37. Ba4 Re7 38. Bd1 Nb5 39. Rd3 Bc6 40. Rc4 Nd6 41. Rxf4 Re5 42. Rd2 Rg5 43. Rg4 Rf5 44. Kg3 Rh5 45. Rh4 Nf5+ 46. Kg4 Rxh4+ 47. Kxf5 Rxb4 48. Kf6 Rf4+ 49.
Kg5 Rc4 50. Kf6 Rc3 51. Rf2 Rd3 52. Be2 Rd2 53. Kxf7 Bb5 54. f4 Rxe2 55. Kg7 Rxf2 0-1